Map: Orbital Shipyard

Players

LilDicky - Winner!

  • Race: Terran Terran
  • League: Diamond

Iriven

  • Race: Zerg Zerg
  • League: Platinum

VOD

http://www.twitch.tv/tumescentpie

Description

Time

  • Played on: Nov. 30, 2015, 10:04 a.m.
  • Length: 29:12
Show
View Real Time Build Order
Export as new Build Order

LilDicky Terran - Winner!

Build Orders: Liberator Opening, Reaper Expand 

Get SALT Encoding   

  12  0:01  SCV  
  13  0:13  SCV  
  14  0:18  Supply Depot  
  14  0:26  SCV  
  15  0:32  Refinery  
  15  0:40  SCV  
  16  0:45  Barracks  
  16  0:52  SCV  
  17  1:04  SCV  
  18  1:17  SCV  
  19  1:32  Orbital Command  
  19  1:33  Supply Depot  
  19  1:37  Reaper  
  20  1:46  Command Center  
  20  1:57  Supply Depot  
  20  2:00  SCV, Refinery  
  21  2:10  Marine  
  21  2:12  SCV  
  23  2:21  Factory  
  23  2:24  SCV  
  25  2:39  Barracks Tech Lab, Refinery  
  24  3:10  Starport  
  24  3:11  Siege Tank  
  27  3:22  Orbital Command  
  27  3:23  SCV  
  27  3:26  Marine  
  29  3:38  Liberator  
  29  3:41  SCV  
  30  3:46  Barracks Reactor  
  30  3:49  Command Center  
  34  4:00  Siege Tank  
  35  4:10  SCV  
  36  4:17  SCV  
  36  4:23  SCV  
  38  4:29  Supply Depot, SCV  
  38  4:30  Marine x2  
  41  4:33  Liberator  
  41  4:35  SCV, Siege Tank  
  45  4:41  SCV  
  46  4:50  SCV, Marine x2  
  52  5:00  SCV  
  52  5:03  Orbital Command  
  52  5:06  SCV  
  54  5:07  Supply Depot  
  54  5:08  Siege Tank  
  57  5:18  SCV  
  58  5:21  Orbital Command  
  59  5:28  SCV  
  59  5:43  Liberator x2  
  59  5:58  Barracks  
  59  5:59  Command Center  
  59  6:00  Barracks  
  59  6:03  Engineering Bay  
  65  6:05  Engineering Bay  
  65  6:11  SCV x2, Supply Depot  
  67  6:13  SCV  
  68  6:23  SCV x2  
  68  6:24  Siege Tank  
  68  6:25  SCV  
  74  6:30  Barracks Reactor  
  74  6:34  Supply Depot  
  74  6:35  SCV  
  74  6:36  Liberator  
  74  6:37  Liberator  
  75  6:42  Terran Infantry Weapons Level 1, Terran Infantry Armor Level 1  
  75  6:44  SCV  
  75  6:46  SCV  
  77  6:47  SCV  
  77  6:52  Barracks Tech Lab x2  
  84  6:59  SCV  
  84  7:00  SCV x2  
  87  7:11  SCV  
  87  7:12  SCV  
  87  7:13  Missile Turret  
  87  7:15  Missile Turret, Orbital Command  
  89  7:20  Marine  
  89  7:21  Marauder, Marine x2  
  89  7:22  SCV  
  95  7:25  Armory  
  95  7:29  Missile Turret  
  95  7:31  Refinery, Missile Turret  
  95  7:34  Missile Turret  
  95  7:35  Missile Turret x2  
  95  7:36  Missile Turret  
  95  7:39  SCV, Marauder  
  95  7:40  SCV  
  95  7:41  SCV x2, Missile Turret  
  95  7:42  Supply Depot  
  101  7:46  Refinery  
  101  7:48  Refinery  
  101  7:58  Marine x2  
  101  8:03  Liberator x2  
  103  8:10  Supply Depot, SCV x2  
  103  8:11  SCV  
  106  8:14  Command Center  
  106  8:21  Marine x2  
  106  8:22  Marauder  
  116  8:28  Siege Tank  
  116  8:29  Marauder  
  116  8:32  Supply Depot  
  121  8:36  Terran Infantry Weapons Level 2  
  121  8:38  Supply Depot  
  121  8:43  Marauder  
  121  8:44  Terran Infantry Armor Level 2  
  121  8:45  SCV  
  124  8:52  Barracks x2  
  124  8:54  SCV x3  
  127  8:57  SCV, Barracks  
  127  9:00  Supply Depot  
  127  9:01  Supply Depot  
  128  9:09  Marine x3, Liberator x2  
  129  9:11  Marauder  
  133  9:21  Siege Tank  
  133  9:22  Supply Depot  
  136  9:27  Marine x2  
  136  9:28  Marauder  
  146  9:31  Marine  
  147  9:40  Command Center  
  147  9:42  Orbital Command  
  147  9:45  Marine  
  148  9:51  Supply Depot  
  110  10:14  Marine  
  110  10:15  Marine x3  
  110  10:16  Medivac x2  
  110  10:17  SCV x2  
  110  10:18  Marine  
  110  10:19  Marine x2  
  121  10:22  SCV  
  121  10:27  Barracks  
  122  10:28  Barracks  
  122  10:29  Barracks  
  122  10:34  Marine x3  
  125  10:36  Command Center  
  125  10:37  Command Center, Marauder  
  125  10:38  Liberator  
  125  10:39  Liberator  
  127  10:44  Factory  
  127  10:45  Starport, Marine x2  
  127  10:47  Siege Tank  
  138  11:03  Terran Infantry Weapons Level 3  
  138  11:06  Terran Infantry Armor Level 3  
  138  11:07  Barracks Reactor  
  138  11:09  Barracks Reactor x2  
  138  11:20  Combat Shields  
  138  11:21  Stimpack  
  138  11:22  Barracks Tech Lab x3  
  138  11:41  Factory Tech Lab  
  138  11:43  Thor  
  138  11:46  Marine x2  
  138  11:47  Marauder x2, Marine x7  
  146  11:50  Starport Reactor  
  146  11:53  Planetary Fortress  
  157  12:03  Fusion Core  
  157  12:11  Starport  
  157  12:14  Supply Depot  
  157  12:23  SCV x4  
  157  12:24  Orbital Command  
  157  12:25  Orbital Command  
  161  12:30  Liberator  
  161  12:33  Missile Turret  
  161  12:35  Missile Turret  
  161  12:36  Thor x2  
  173  12:40  Missile Turret x3  
  173  12:45  Refinery, Missile Turret  
  173  12:46  Refinery  
  173  12:49  Starport Tech Lab  
  176  12:54  Marine x5  
  176  12:55  Marine x5  
  176  12:56  Marauder  
  188  12:58  Medivac x2  
  188  13:02  Supply Depot  
  188  13:04  Supply Depot  
  192  13:06  Supply Depot  
  192  13:18  Missile Turret  
  192  13:35  Thor  
  198  13:46  Advanced Ballistics  
  198  13:49  Behemoth Reactor  
  198  13:52  Orbital Command  
  198  14:07  Marine  
  198  14:08  Marine  
  200  14:18  Command Center x2  
  200  14:19  Command Center  
  200  14:25  Barracks Tech Lab  
  180  14:53  Marine  
  180  14:55  Thor x2  
  180  14:57  Battlecruiser  
  192  15:04  Cloaking Field  
  192  15:06  Command Center  
  163  15:37  Thor  
  167  15:49  Marine  
  167  15:57  Marine  
  167  15:58  Marauder  
  167  16:02  Planetary Fortress x3  
  170  16:14  Liberator  
  170  16:15  Liberator x2  
  170  16:22  Supply Depot  
  170  16:23  Hyperflight Rotors  
  170  16:24  Supply Depot  
  170  16:25  Supply Depot x2  
  170  16:26  Supply Depot x2  
  170  16:27  Supply Depot  
  179  16:33  Missile Turret  
  168  16:53  Liberator x2  
  168  16:56  Missile Turret  
  167  17:23  Liberator x2  
  167  17:24  Command Center  
  167  17:37  Refinery  
  167  17:38  Refinery  
  167  17:42  Supply Depot x2  
  167  17:43  Command Center, Supply Depot  
  161  17:45  Command Center  
  152  18:26  Command Center  
  146  18:28  Planetary Fortress  
  118  19:03  Liberator x2  
  106  19:14  Marine x5  
  106  19:15  Marauder x2, Marine x5  
  106  19:16  Marauder  
  122  19:20  Battlecruiser  
  138  19:24  Hellion x2  
  138  19:25  SCV x2  
  144  19:45  Hellion  
  144  19:46  Hellion  
  132  20:03  Refinery  
  122  20:07  Hellion  
  122  20:09  Refinery  
  122  20:13  Refinery  
  120  20:32  Liberator x4  
  119  20:45  Marine  
  119  20:46  Marine x12  
  119  20:47  Banshee, Orbital Command  
  141  20:54  Siege Tank x2  
  153  21:03  Marine x2  
  153  21:04  Marauder x2, Marine x3  
  157  21:12  Planetary Fortress  
  157  21:13  Liberator  
  157  21:16  Missile Turret x2  
  157  21:17  Missile Turret  
  157  21:18  Missile Turret  
  115  22:00  Liberator  
  111  22:07  Refinery x2  
  111  22:08  Marine  
  112  22:09  Marauder x2  
  116  22:22  Refinery  
  116  22:23  Refinery  
  85  22:38  Hellion x2  
  80  23:15  Marine  
  80  23:16  Marine x12  
  91  23:33  Marine  
  91  23:34  Thor x2, Marine x12  
  92  23:35  Missile Turret  
  116  23:45  Terran Vehicle And Ship Armor Level 1  
  113  23:51  Marine  
  113  23:52  Marine x12  
  126  24:01  Supply Depot  
  126  24:09  Banshee, Marine x5  
  127  24:10  Marine x6  
  140  24:22  Orbital Command  
  118  25:13  Marine  
  119  25:18  Orbital Command  
  119  25:19  Marine x9  
  119  25:20  Marine x3  
  131  25:31  Marine  
  131  25:37  Marine x2  
  71  26:27  SCV x2  
  71  26:28  SCV  
  63  27:03  Marine x8  
  63  27:04  Marauder x4  
  76  27:21  Marine  
  76  27:22  Marauder, Marine x5  
  84  27:25  Marauder  
  83  27:31  Marine  
  83  27:32  Marine  
  83  27:33  Marauder  
  81  27:53  Refinery x2  
  81  27:55  SCV x2  
  81  27:56  SCV x2  
  80  28:28  Refinery  
  80  28:29  Refinery  
  80  28:33  SCV  
  85  28:34  SCV x5  
  76  28:45  SCV  
  76  28:46  SCV x4  
Show
View Real Time Build Order
Export as new Build Order

Iriven Zerg 

Build Orders: Pool First 

Get SALT Encoding   

  12  0:01  Drone  
  13  0:13  Overlord  
  13  0:17  Drone  
  14  0:31  Drone x2  
  14  0:34  Extractor  
  15  0:35  Drone  
  16  0:49  Spawning Pool  
  15  0:51  Drone  
  16  1:01  Drone  
  17  1:21  Hatchery  
  16  1:28  Drone  
  16  1:29  Drone  
  16  1:32  Drone  
  19  1:39  Metabolic Boost  
  19  1:51  Queen  
  21  1:58  Overlord  
  21  2:02  Zergling x2  
  22  2:24  Baneling Nest  
  22  2:26  Zergling x4  
  22  2:27  Zergling x2  
  24  2:38  Queen  
  24  2:39  Queen  
  28  2:48  Drone x2  
  28  2:49  Drone  
  31  3:02  Drone  
  31  3:03  Drone  
  33  3:11  Drone x3  
  36  3:15  Overlord  
  36  3:24  Overlord  
  36  3:25  Overlord  
  36  3:31  Lair  
  36  3:44  Drone x5  
  36  3:45  Drone  
  42  4:01  Hatchery  
  41  4:07  Drone  
  41  4:08  Drone x2  
  44  4:13  Drone  
  44  4:14  Drone x2, Extractor  
  46  4:18  Extractor  
  45  4:29  Spire  
  45  4:31  Drone x2  
  46  4:59  Spore Crawler, Drone x3  
  49  5:00  Drone  
  49  5:01  Drone x3  
  52  5:08  Spore Crawler  
  52  5:10  Spore Crawler  
  52  5:13  Overlord x2  
  52  5:14  Overlord x2  
  50  5:21  Spore Crawler  
  50  5:24  Drone  
  50  5:27  Overlord x2  
  50  5:31  Queen  
  52  5:36  Drone x2  
  52  5:37  Drone  
  52  5:41  Corruptor x3  
  61  5:44  Drone  
  61  5:46  Drone  
  61  5:47  Drone  
  64  5:57  Drone x2  
  64  5:58  Drone x4  
  64  6:02  Extractor  
  69  6:05  Drone x3, Extractor  
  71  6:27  Drone x3  
  71  6:28  Drone x7  
  71  6:29  Drone  
  71  6:32  Zergling x2  
  83  6:33  Zergling x2  
  83  6:34  Baneling  
  83  6:35  Baneling x7  
  83  6:36  Centrifical Hooks  
  84  6:52  Extractor  
  83  6:55  Zerg Flyer Weapons Level 1  
  83  7:06  Infestation Pit  
  83  7:07  Zergling x16  
  83  7:08  Zergling x10  
  95  7:24  Drone  
  95  7:25  Drone x2  
  95  7:27  Overlord x4  
  95  7:28  Overlord x3  
  97  7:48  Hive  
  97  7:49  Corruptor  
  97  7:50  Corruptor  
  101  7:54  Roach Warren  
  100  7:59  Evolution Chamber  
  100  8:01  Evolution Chamber  
  98  8:09  Zergling x2  
  98  8:10  Zergling x6  
  98  8:11  Corruptor x2  
  98  8:12  Corruptor x2  
  110  8:30  Zerg Melee Weapons Level 1  
  110  8:31  Zerg Ground Armor Level 1  
  110  8:36  Evolution Chamber  
  109  8:47  Hatchery, Roach  
  109  8:48  Roach x14  
  138  9:11  Zerg Missile Weapons Level 1  
  138  9:13  Ultralisk Cavern  
  138  9:15  Extractor  
  136  9:19  Extractor  
  135  9:25  Roach x5  
  135  9:26  Overlord x4  
  135  9:27  Overlord x2  
  135  9:28  Overseer x2  
  145  9:43  Roach  
  145  9:44  Roach x4  
  155  9:47  Overlord  
  143  10:16  Drone x8  
  143  10:17  Drone x10  
  143  10:19  Zergling x2  
  143  10:20  Zergling x6  
  165  10:22  Baneling x9  
  165  10:23  Baneling x11  
  165  10:26  Zergling x4  
  167  10:43  Extractor  
  166  10:53  Roach x6  
  166  10:54  Corruptor x2, Roach x3  
  166  10:55  Corruptor x3  
  166  10:57  Hatchery  
  193  10:59  Zerg Ground Armor Level 2, Zerg Melee Weapons Level 2  
  193  11:04  Adrenal Glands  
  192  11:41  Zerg Missile Weapons Level 2  
  192  11:45  Chitinous Plating  
  192  11:51  Pneumatized Carapace  
  192  11:53  Lair  
  192  12:06  Roach x3  
  192  12:07  Extractor  
  197  12:12  Extractor  
  197  12:15  Hatchery  
  195  12:24  Spore Crawler  
  194  12:30  Zergling x2  
  195  12:45  Roach x2  
  199  13:16  Glial Reconstitution  
  194  13:29  Ultralisk  
  194  13:35  Ultralisk  
  195  14:01  Ultralisk  
  195  14:27  Zerg Melee Weapons Level 3  
  195  14:28  Zerg Ground Armor Level 3, Zerg Missile Weapons Level 3  
  194  14:52  Zergling x2  
  183  14:53  Zergling x26  
  170  15:45  Ultralisk Cavern  
  169  15:50  Infestation Pit  
  169  15:52  Spire  
  167  15:57  Roach  
  167  15:58  Roach x14  
  167  16:00  Baneling  
  167  16:01  Baneling x11  
  167  16:02  Zergling x2  
  167  16:03  Zergling x4  
  197  16:33  Drone x3  
  198  16:45  Spawning Pool  
  193  17:04  Hatchery  
  193  17:07  Zerg Flyer Weapons Level 2  
  192  17:10  Greater Spire  
  188  17:46  Zergling x16  
  188  17:47  Zergling x6  
  198  17:55  Drone x2  
  190  18:33  Zerg Flyer Armor Level 1  
  190  18:35  Baneling Nest  
  117  18:57  Corruptor  
  117  18:58  Corruptor x8  
  117  19:00  Roach x8  
  117  19:01  Roach x12  
  144  19:06  Zergling x6  
  144  19:07  Zergling x28  
  139  19:14  Drone x2  
  139  19:15  Drone x6, Queen  
  137  19:17  Queen  
  137  19:22  Hydralisk Den, Baneling  
  137  19:23  Baneling x6  
  138  19:28  Ultralisk x2  
  138  19:29  Ultralisk x6  
  138  19:30  Ultralisk x2  
  136  20:58  Hatchery  
  135  21:12  Baneling x7  
  135  21:13  Baneling x10  
  135  21:15  Corruptor  
  135  21:16  Corruptor x9  
  135  21:17  Viper x3  
  138  21:46  Hydralisk Den  
  89  22:18  Drone, Extractor  
  89  22:20  Drone  
  88  22:37  Queen  
  84  22:42  Drone x2  
  77  23:00  Corruptor x2  
  75  23:15  Hydralisk  
  75  23:16  Hydralisk  
  79  23:27  Drone x3  
  82  23:40  Queen  
  84  23:46  Muscular Augments  
  84  23:49  Drone  
  85  24:01  Hydralisk  
  85  24:02  Hydralisk  
  89  24:12  Extractor  
  85  24:50  Hydralisk x2  
  85  24:51  Zergling x4  
  85  24:52  Zergling x20  
  75  24:53  Zergling x12  
  81  25:01  Zergling x6  
  84  25:18  Baneling  
  84  25:19  Baneling x3  
  33  26:11  Hydralisk x3  
  39  26:20  Spawning Pool  
  39  26:21  Drone x3  
  39  26:24  Drone  
  39  26:25  Drone x2  
  40  27:17  Hydralisk x3  
  40  27:19  Hatchery  
  45  27:36  Lair  
  41  27:46  Hydralisk Den  
  40  28:11  Corruptor  
  42  28:29  Drone x5  
  42  28:30  Drone x2  
  42  28:32  Drone  
Tags
 
Add a new tag
Caveats
  • Supply blocks, unpowered buildings, or Contaminate may cause inaccurate times.
  • Supply counts are checked every 10 seconds.